Tucson Roadrunners vs Philadelphia Phantoms

Created - Sunday, February 22, 2026 at 07:45

Goals
1 2 3 T
Tucson Roadrunners 0 5 2 7
Philadelphia Phantoms 0 1 1 2
Shots
1 2 3 T
Tucson Roadrunners 1 22 14 37
Philadelphia Phantoms 5 21 10 36

1st period

No Goal

Penalties :
Marc Gatcomb (PHP) for Fighting (Major) at 0:55, Hunter Drew (TRR) for Fighting (Major) at 0:55, Marc Gatcomb (PHP) for instigated a fight (Minor) at 0:55, Marc Gatcomb (PHP) for instigated a fight (10 Minutes Misconduct) at 0:55, Atley Calvert (TRR) for Interference (Minor) at 3:27

2nd period

1. Tucson Roadrunners , Matt Luff 20 (Hunter Haight 6, Tyson Barrie 19) at 1:46
2. Tucson Roadrunners , Tyson Barrie 7 (Jani Hakanpaa 16, Arturs Silovs) at 6:46 (PP)
3. Tucson Roadrunners , Dryden Hunt 36 (Ivan Ivan 38) at 6:50
4. Tucson Roadrunners , Dryden Hunt 37 (Ivan Ivan 39, William Carrier 30) at 10:13 (PP)
5. Philadelphia Phantoms , Ryan Winterton 10 (Michael Carcone 23, Albert Johansson 16) at 11:52
6. Tucson Roadrunners , William Carrier 13 (Dryden Hunt 31, Ivan Ivan 40) at 12:25 (PP)

Penalties :
Tyler Kleven (PHP) for Fighting (Major) at 4:54, Ty Dellandrea (TRR) for Fighting (Major) at 4:54, Jaroslav Chmelar (PHP) for Holding (Minor) at 5:46, Jaroslav Chmelar (PHP) for Slashing (Minor) at 9:39, Tye Kartye (PHP) for Tripping (Minor) at 12:13, Albert Johansson (PHP) for Fighting (Major) at 15:46, Matt Luff (TRR) for Fighting (Major) at 15:46

3rd period

7. Philadelphia Phantoms , Luca Del Bel Belluz 15 (Dylan Coghlan 8, Nils Aman 23) at 1:46 (PP)
8. Tucson Roadrunners , Andre Lee 6 (Steven Lorentz 38) at 16:31
9. Tucson Roadrunners , Dryden Hunt 38 (Maxwell Crozier 13) at 17:47

Penalties :
Jacob Quillan (PHP) for Fighting (Major) at 1:30, Matt Luff (TRR) for Fighting (Major) at 1:30, Matt Luff (TRR) for instigated a fight (Minor) at 1:30, Matt Luff (TRR) for instigated a fight (10 Minutes Misconduct) at 1:30, Hunter Haight (TRR) for Cross-checking (Minor) at 3:58, Michael Carcone (PHP) for Fighting (Major) at 17:06, Steven Lorentz (TRR) for Fighting (Major) at 17:06, Samuel Johannesson (PHP) for Fighting (Major) at 18:43, Ondrej Pavel (TRR) for Fighting (Major) at 18:43

Goalie Stats

Arturs Silovs (TRR), 34 saves from 36 shots - (0.944), W, 20-5-0, 60:00 minutes
Cooper Black (PHP), 30 saves from 37 shots - (0.811), L, 12-5-2, 60:00 minutes

Players Stats for Tucson Roadrunners

Player Name              G  A  P  +/- PIM S  H  SB GA TA FO     MP     PP MP  PK MP  
------------------------------------------------------------------------------------
                         0  0  0   0  0   0  0  0  0  0  0/0     0:00   0:00   0:00 
Andre Lee                1  0  1   0  0   2  1  0  0  0  0/0    10:04   0:00   0:13 
Atley Calvert            0  0  0   1  2   2  1  2  1  1  1/1    14:46   0:10   0:00 
Brock McGinn             0  0  0   0  0   5  4  0  0  0  0/3    18:45   1:51   2:05 
Chase Wheatcroft         0  0  0   0  0   0  0  0  0  0  2/6     8:43   0:00   0:00 
Dryden Hunt              3  1  4   2  0   5  2  0  0  0  0/1    19:45   1:44   2:00 
Hunter Drew              0  0  0   0  5   0  0  1  2  0  0/0    13:21   0:00   0:00 
Hunter Haight            0  1  1   1  2   2  3  0  0  0  5/14   13:15   0:00   0:00 
Ivan Ivan                0  3  3   2  0   1  0  0  0  0  8/13   17:09   1:44   0:00 
Jani Hakanpaa            0  1  1   2  0   4  3  4  1  1  0/0    25:54   1:59   1:54 
Matt Luff                1  0  1   1  22  3  0  0  0  0  1/2     9:47   0:10   0:06 
Maxwell Crozier          0  1  1   1  0   1  1  1  0  0  0/0    20:23   1:46   2:20 
Ondrej Pavel             0  0  0   0  5   0  2  0  0  0  1/3     9:22   1:04   0:03 
Samuel Knazko            0  0  0   0  0   0  0  0  0  0  0/0    13:26   0:00   0:00 
Steven Lorentz           0  1  1   0  5   3  2  0  0  1  7/19   20:55   1:51   2:01 
Topias Vilen             0  0  0   1  0   0  2  1  0  2  0/0    20:26   1:46   2:20 
Ty Dellandrea            0  0  0   0  5   2  1  0  1  1  0/3    16:34   0:57   2:00 
Tyson Barrie             1  1  2   2  0   3  2  5  1  0  0/0    25:54   1:59   1:54 
William Carrier          1  1  2   2  0   4  2  0  1  0  0/0    17:09   1:44   0:00 

Players Stats for Philadelphia Phantoms

Player Name              G  A  P  +/- PIM S  H  SB GA TA FO     MP     PP MP  PK MP  
------------------------------------------------------------------------------------
                         0  0  0   0  0   0  0  0  0  0  0/0     0:00   0:00   0:00 
Adam Klapka              0  0  0   0  0   2  1  0  0  1  0/0    11:08   2:02   0:00 
Albert Johansson         0  1  1   1  5   3  1  3  0  0  0/0    18:11   1:57   2:18 
Dylan Coghlan            0  1  1   1  0   1  1  1  1  0  0/0    21:52   1:57   2:01 
Jacob Quillan            0  0  0  -2  5   2  1  0  1  0  12/17  17:45   0:31   1:54 
Jaroslav Chmelar         0  0  0  -1  4   3  3  0  0  0  0/0    13:21   0:00   1:00 
Kai Uchacz               0  0  0  -1  0   1  2  0  0  0  5/10   11:49   0:00   0:00 
Luca Del Bel Belluz      1  0  1   0  0   4  1  1  0  0  20/33  21:11   1:53   1:42 
Marc Gatcomb             0  0  0  -2  17  1  1  0  0  1  0/0    10:28   0:57   0:00 
Marcel Marcel            0  0  0   0  0   0  1  1  0  0  2/3     8:48   0:00   0:00 
Matt Rempe               0  0  0   0  0   0  2  1  0  0  0/0     9:26   0:24   0:00 
Michael Callahan         0  0  0  -1  0   0  0  0  0  0  0/0    17:14   0:00   1:27 
Michael Carcone          0  1  1  -1  5   6  2  0  2  0  0/0    16:30   2:04   0:00 
Nils Aman                0  1  1   0  0   6  5  2  1  1  0/0    19:44   2:01   1:03 
Ryan Johnson             0  0  0  -1  0   1  2  1  0  0  0/0    17:12   0:00   0:30 
Ryan Winterton           1  0  1  -2  0   3  1  0  1  1  0/1    18:00   0:42   1:42 
Samuel Johannesson       0  0  0  -3  5   0  2  2  0  0  0/0    22:01   2:17   0:00 
Tye Kartye               0  0  0   0  2   1  2  0  0  2  1/1    17:59   2:08   0:09 
Tyler Kleven             0  0  0  -3  5   2  2  0  0  1  0/0    23:47   2:17   1:34 

3 Stars

1 - Dryden Hunt (TRR)
2 - Tyson Barrie (TRR)
3 - William Carrier (TRR)

Power Play

Tucson Roadrunners - 3 on 4 Attempt(s) - 75.00%
Philadelphia Phantoms - 1 on 3 Attempt(s) - 33.33%

Penalty Kill

Tucson Roadrunners - 2 on 3 Attempt(s) - 66.67% - Score 0 goal in Penalty Kill
Philadelphia Phantoms - 1 on 4 Attempt(s) - 25.00% - Score 0 goal in Penalty Kill

Team Stat

Tucson Roadrunners - Hits : 26 - Faceoff Wins : 25 - Blocked Shots : 14 - Penalty Minutes : 46
Philadelphia Phantoms - Hits : 30 - Faceoff Wins : 40 - Blocked Shots : 12 - Penalty Minutes : 48

Official

Referees : Steve Kozari and Ghislain Hebert
Linesman : Dan Kelly and Tommy Hughes

Game Notes

Marc Gatcomb beats up Hunter Drew at 0:55 of 1st period
Ty Dellandrea beats up Tyler Kleven at 4:54 of 2nd period
Albert Johansson and Matt Luff fight to a draw at 15:46 of 2nd period
Jacob Quillan and Matt Luff fight to a draw at 1:30 of 3rd period
Steven Lorentz beats up Michael Carcone at 17:06 of 3rd period
Dryden Hunt has scored a Hat Trick!
Samuel Johannesson and Ondrej Pavel fight to a draw at 18:43 of 3rd period

Tucson Roadrunners

5 vs 5 Forward 
   Center                   Left Wing                Right Wing               Time % Phy DF OF 
 1 Steven Lorentz           Brock McGinn             Ty Dellandrea            30     1   2  2  
 2 Ivan Ivan                Dryden Hunt              William Carrier          30     1   2  2  
 3 Hunter Haight            Matt Luff                Atley Calvert            25     1   2  2  
 4 Chase Wheatcroft         Andre Lee                Steven Lorentz           15     1   2  2  

5 vs 5 Defense 
   Defense                  Defense                                           Time % Phy DF OF 
 1 Jani Hakanpaa            Tyson Barrie                                      30     1   2  2  
 2 Maxwell Crozier          Topias Vilen                                      30     1   2  2  
 3 Hunter Drew              Samuel Knazko                                     25     1   2  2  
 4 Jani Hakanpaa            Tyson Barrie                                      15     1   2  2  

PowerPlay Forward 
   Center                   Left Wing                Right Wing               Time % Phy DF OF 
 1 Steven Lorentz           Brock McGinn             Ty Dellandrea            50     1   2  2  
 2 Ivan Ivan                Dryden Hunt              William Carrier          50     1   2  2  

PowerPlay Defense
   Defense                  Defense                                           Time % Phy DF OF 
 1 Jani Hakanpaa            Tyson Barrie                                      50     1   2  2  
 2 Maxwell Crozier          Topias Vilen                                      50     1   2  2  

Penalty Kill 4 Players Forward 
   Center                   Wing                     Time % Phy DF OF 
 1 Steven Lorentz           Brock McGinn             50     1   2  2  
 2 Ty Dellandrea            Dryden Hunt              50     1   2  2  

Penalty Kill 4 Players Defense
   Defense                  Defense                  Time % Phy DF OF 
 1 Jani Hakanpaa            Tyson Barrie             50     1   2  2  
 2 Maxwell Crozier          Topias Vilen             50     1   2  2  

Penalty Kill - 3 Players Forward 
   Forward                                           Time % Phy DF OF 
 1 Steven Lorentz                                    50     1   2  2  
 2 Brock McGinn                                      50     1   2  2  

Penalty Kill - 3 Players Defense
   Defense                  Defense                  Time % Phy DF OF 
 1 Jani Hakanpaa            Tyson Barrie             50     1   2  2  
 2 Maxwell Crozier          Topias Vilen             50     1   2  2  

4 vs 4 Forward 
   Center                   Wing                     Time % Phy DF OF 
 1 Steven Lorentz           Brock McGinn             50     1   2  2  
 2 Ty Dellandrea            Dryden Hunt              50     1   2  2  

4 vs 4 Defense
   Defense                  Defense                  Time % Phy DF OF 
 1 Jani Hakanpaa            Tyson Barrie             50     1   2  2  
 2 Maxwell Crozier          Topias Vilen             50     1   2  2  

Last Minutes Offensive
   Center                   Left Wing                Right Wing               Defense                  Defense                  
   Steven Lorentz           Brock McGinn             Ty Dellandrea            Jani Hakanpaa            Tyson Barrie             

Last Minutes Defensive
   Center                   Left Wing                Right Wing               Defense                  Defense                  
   Steven Lorentz           Brock McGinn             Ty Dellandrea            Jani Hakanpaa            Tyson Barrie             

Goaltenders
Starting : Arturs Silovs            
Backup : Vyacheslav Peksa         

Extra Forwards
Normal : Ondrej Pavel, Matt Luff, Andre Lee - PP : Ondrej Pavel, Matt Luff - PK : Andre Lee
Extra Defensemen
Normal : Hunter Drew, Samuel Knazko, Maxwell Crozier - PP : Hunter Drew - PK : Samuel Knazko, Maxwell Crozier
Penalty Shots
Steven Lorentz, Brock McGinn, Ty Dellandrea, Dryden Hunt, William Carrier

Scratches
Zach Dean (Healthy), Lleyton Moore (Healthy), Fabian Wagner (Healthy), Trevor Kuntar (Healthy), Dyllan Gill (Healthy)
Magnus Chrona (Healthy), Georgi Romanov (Healthy), Ruslan Khazheyev (Healthy)

Philadelphia Phantoms

5 vs 5 Forward 
   Center                   Left Wing                Right Wing               Time % Phy DF OF 
 1 Luca Del Bel Belluz      Nils Aman                Tye Kartye               30     1   2  2  
 2 Jacob Quillan            Michael Carcone          Ryan Winterton           30     1   2  2  
 3 Kai Uchacz               Marc Gatcomb             Jaroslav Chmelar         25     1   2  2  
 4 Marcel Marcel            Adam Klapka              Matt Rempe               15     1   2  2  

5 vs 5 Defense 
   Defense                  Defense                                           Time % Phy DF OF 
 1 Samuel Johannesson       Tyler Kleven                                      35     1   2  2  
 2 Albert Johansson         Dylan Coghlan                                     35     1   2  2  
 3 Michael Callahan         Ryan Johnson                                      30     1   2  2  
 4 Samuel Johannesson       Tyler Kleven                                      0      1   2  2  

PowerPlay Forward 
   Center                   Left Wing                Right Wing               Time % Phy DF OF 
 1 Luca Del Bel Belluz      Marc Gatcomb             Nils Aman                50     1   2  2  
 2 Jacob Quillan            Adam Klapka              Michael Carcone          50     1   2  2  

PowerPlay Defense
   Defense                  Defense                                           Time % Phy DF OF 
 1 Dylan Coghlan            Albert Johansson                                  50     1   2  2  
 2 Samuel Johannesson       Tyler Kleven                                      50     1   2  2  

Penalty Kill 4 Players Forward 
   Center                   Wing                     Time % Phy DF OF 
 1 Jacob Quillan            Jaroslav Chmelar         50     1   2  2  
 2 Luca Del Bel Belluz      Ryan Winterton           50     1   2  2  

Penalty Kill 4 Players Defense
   Defense                  Defense                  Time % Phy DF OF 
 1 Albert Johansson         Tyler Kleven             50     1   2  2  
 2 Dylan Coghlan            Michael Callahan         50     1   2  2  

Penalty Kill - 3 Players Forward 
   Forward                                           Time % Phy DF OF 
 1 Jacob Quillan                                     50     1   2  2  
 2 Jaroslav Chmelar                                  50     1   2  2  

Penalty Kill - 3 Players Defense
   Defense                  Defense                  Time % Phy DF OF 
 1 Albert Johansson         Tyler Kleven             50     1   2  2  
 2 Dylan Coghlan            Michael Callahan         50     1   2  2  

4 vs 4 Forward 
   Center                   Wing                     Time % Phy DF OF 
 1 Luca Del Bel Belluz      Nils Aman                50     1   2  2  
 2 Jacob Quillan            Michael Carcone          50     1   2  2  

4 vs 4 Defense
   Defense                  Defense                  Time % Phy DF OF 
 1 Samuel Johannesson       Tyler Kleven             50     1   2  2  
 2 Albert Johansson         Dylan Coghlan            50     1   2  2  

Last Minutes Offensive
   Center                   Left Wing                Right Wing               Defense                  Defense                  
   Luca Del Bel Belluz      Marc Gatcomb             Nils Aman                Dylan Coghlan            Albert Johansson         

Last Minutes Defensive
   Center                   Left Wing                Right Wing               Defense                  Defense                  
   Jacob Quillan            Jaroslav Chmelar         Luca Del Bel Belluz      Albert Johansson         Tyler Kleven             

Goaltenders
Starting : Cooper Black             
Backup : Colten Ellis             

Extra Forwards
Normal : Luca Del Bel Belluz, Jacob Quillan, Marc Gatcomb - PP : Luca Del Bel Belluz, Jacob Quillan - PK : Jacob Quillan
Extra Defensemen
Normal : Tyler Kleven, Dylan Coghlan, Samuel Johannesson - PP : Samuel Johannesson - PK : Albert Johansson, Dylan Coghlan
Penalty Shots
Jacob Quillan, Marc Gatcomb, Adam Klapka, Luca Del Bel Belluz, Michael Carcone

Scratches
Chase Bradley (Healthy), Noah Laba (Healthy), Sam Lipkin (Healthy), Parker Bell (Healthy), Gavin Hayes (Healthy)
Anton Johansson (Healthy), Noel Gunler (Healthy), Isaac Poulter (Healthy)

% Time on Ice - Tucson Roadrunners

Lines # - Real PCT - Wanted PCT - Time Play
Normal Forward
1 - 28% - 30% - 14:29
2 - 30% - 30% - 15:36
3 - 28% - 25% - 14:20
4 - 15% - 15% - 7:36
Normal Defense
1 - 30% - 30% - 15:42
2 - 31% - 30% - 16:17
3 - 26% - 25% - 13:33
4 - 12% - 15% - 6:29
PP Forward
1 - 49% - 50% - 1:51
2 - 51% - 50% - 1:54
PP Defense
1 - 53% - 50% - 1:59
2 - 47% - 50% - 1:46
PK Forward
1 - 53% - 50% - 2:14
2 - 47% - 50% - 2:00
PK Defense
1 - 45% - 50% - 1:54
2 - 55% - 50% - 2:20
PK3 Forward
1 - 0% - 50%
2 - 0% - 50%
PK3 Defense
1 - 0% - 50%
2 - 0% - 50%
44 Forward
1 - 0% - 50%
2 - 0% - 50%
44 Defense
1 - 0% - 50%
2 - 0% - 50%
Last Minute Offensive  - 0:00
Last Minute Defensive  - 0:00
Total
Forward - 60:00
Defense - 60:00

% Time on Ice - Philadelphia Phantoms

Lines # - Real PCT - Wanted PCT - Time Play
Normal Forward
1 - 29% - 30% - 15:14
2 - 30% - 30% - 15:25
3 - 25% - 25% - 12:54
4 - 16% - 15% - 8:28
Normal Defense
1 - 35% - 35% - 18:11
2 - 35% - 35% - 18:03
3 - 30% - 30% - 15:47
4 - 0% - 0% - 0:00
PP Forward
1 - 41% - 50% - 1:43
2 - 59% - 50% - 2:31
PP Defense
1 - 46% - 50% - 1:57
2 - 54% - 50% - 2:17
PK Forward
1 - 51% - 50% - 1:54
2 - 49% - 50% - 1:51
PK Defense
1 - 61% - 50% - 2:18
2 - 39% - 50% - 1:27
PK3 Forward
1 - 0% - 50%
2 - 0% - 50%
PK3 Defense
1 - 0% - 50%
2 - 0% - 50%
44 Forward
1 - 0% - 50%
2 - 0% - 50%
44 Defense
1 - 0% - 50%
2 - 0% - 50%
Last Minute Offensive  - 0:00
Last Minute Defensive  - 0:00
Total
Forward - 60:00
Defense - 60:00

Play-by-Play

1st period


0:01 of 1st period - Luca Del Bel Belluz wins face-off versus Steven Lorentz in neutral zone.
0:08 of 1st period - Snap shot by Luca Del Bel Belluz.
0:08 of 1st period - Shot Misses the Net.
0:16 of 1st period - Snap shot by Luca Del Bel Belluz.
0:16 of 1st period - Stopped by Arturs Silovs with a rebound.
0:50 of 1st period - Snap shot by Marc Gatcomb.
0:50 of 1st period - Shot Blocked by Topias Vilen.
0:52 of 1st period - Wrist shot by Tyler Kleven.
0:52 of 1st period - Deflect By Atley Calvert.
0:52 of 1st period - Stopped by Arturs Silovs without a rebound.
0:53 of 1st period - Chase Wheatcroft wins face-off versus Kai Uchacz in Tucson Roadrunners zone.
0:55 of 1st period - Marc Gatcomb beats up Hunter Drew.
0:55 of 1st period - Penalty to Marc Gatcomb for Fighting.
0:55 of 1st period - Penalty to Hunter Drew for Fighting.
0:55 of 1st period - Penalty to Marc Gatcomb for instigated a fight.
0:55 of 1st period - Penalty to Marc Gatcomb for instigated a fight.
0:56 of 1st period - Steven Lorentz wins face-off versus Jacob Quillan in neutral zone.
1:01 of 1st period - Jaroslav Chmelar is hit by Brock McGinn and loses puck.
1:32 of 1st period - Snap shot by Ivan Ivan.
1:32 of 1st period - Shot Blocked by Albert Johansson.
2:55 of 1st period - Penalty to Marc Gatcomb is over, Nils Aman is send on ice.
3:18 of 1st period - Snap shot by Nils Aman.
3:18 of 1st period - Stopped by Arturs Silovs with a rebound.
3:20 of 1st period - Wrist shot by Nils Aman.
3:20 of 1st period - Shot Misses the Net.
3:22 of 1st period - Snap shot by Dylan Coghlan.
3:22 of 1st period - Shot Blocked by Jani Hakanpaa.
3:24 of 1st period - Wrist shot by Jacob Quillan.
3:24 of 1st period - Deflect By Steven Lorentz.
3:24 of 1st period - Shot Misses the Net.
3:24 of 1st period - Puck is out of play.
3:25 of 1st period - Hunter Haight wins face-off versus Marcel Marcel in Tucson Roadrunners zone.
3:27 of 1st period - Minor Penalty to Atley Calvert for Interference.
3:28 of 1st period - Luca Del Bel Belluz wins face-off versus Ty Dellandrea in Tucson Roadrunners zone.
4:50 of 1st period - Tye Kartye is hit by Tyson Barrie.
5:00 of 1st period - Samuel Johannesson is hit by Maxwell Crozier and loses puck.
5:27 of 1st period - Penalty to Atley Calvert is over, Atley Calvert is back on ice.
6:32 of 1st period - Backhand shot by Tye Kartye.
6:32 of 1st period - Stopped by Arturs Silovs without a rebound.
6:33 of 1st period - Ivan Ivan wins face-off versus Kai Uchacz in Tucson Roadrunners zone.
6:33 of 1st period - Ivan Ivan is hit by Jaroslav Chmelar.
7:13 of 1st period - Icing by Steven Lorentz.
7:14 of 1st period - Steven Lorentz wins face-off versus Jacob Quillan in Tucson Roadrunners zone.
7:31 of 1st period - Brock McGinn is hit by Nils Aman.
8:05 of 1st period - Albert Johansson is hit by Jani Hakanpaa.
8:39 of 1st period - Luca Del Bel Belluz is hit by Atley Calvert and loses puck.
8:52 of 1st period - Dryden Hunt is hit by Nils Aman and loses puck.
9:09 of 1st period - Slapshot by Steven Lorentz.
9:09 of 1st period - Shot Blocked by Matt Rempe.
9:21 of 1st period - Snap shot by Matt Luff.
9:21 of 1st period - Shot Blocked by Marcel Marcel.
9:23 of 1st period - Wrist shot by Atley Calvert.
9:23 of 1st period - Shot Blocked by Albert Johansson.
9:33 of 1st period - Ryan Winterton is hit by Ty Dellandrea and loses puck.
9:38 of 1st period - Snap shot by Brock McGinn.
9:38 of 1st period - Stopped by Cooper Black without a rebound.
9:39 of 1st period - Kai Uchacz wins face-off versus Ondrej Pavel in Philadelphia Phantoms zone.
9:58 of 1st period - William Carrier is hit by Nils Aman and loses puck.
12:39 of 1st period - Topias Vilen is hit by Kai Uchacz and loses puck.
13:03 of 1st period - Wrist shot by Dryden Hunt.
13:03 of 1st period - Shot Blocked by Ryan Johnson.
13:35 of 1st period - Michael Callahan is hit by Steven Lorentz and loses puck.
15:21 of 1st period - Tyler Kleven is hit by Topias Vilen and loses puck.
15:41 of 1st period - Nils Aman is hit by Hunter Haight and loses puck.
15:55 of 1st period - 10 Minutes Misconduct Penalty to Marc Gatcomb is over.
17:25 of 1st period - Tyler Kleven is hit by William Carrier and loses puck.
17:38 of 1st period - Tyler Kleven is hit by Brock McGinn and loses puck.
17:49 of 1st period - Michael Carcone is hit by William Carrier and loses puck.
18:10 of 1st period - Ryan Johnson is hit by Ondrej Pavel and loses puck.
18:21 of 1st period - Topias Vilen is hit by Jaroslav Chmelar.
18:33 of 1st period - Ty Dellandrea is hit by Dylan Coghlan.
18:37 of 1st period - Jaroslav Chmelar is hit by Steven Lorentz and loses puck.
19:17 of 1st period - Wrist shot by Matt Rempe.
19:17 of 1st period - Deflect By Adam Klapka.
19:17 of 1st period - Shot Blocked by Hunter Drew.
19:17 of 1st period - Puck is out of play.
19:18 of 1st period - Marcel Marcel wins face-off versus Matt Luff in Tucson Roadrunners zone.
19:29 of 1st period - Wrist shot by Adam Klapka.
19:29 of 1st period - Stopped by Arturs Silovs with a rebound.
Goals for this period are 0 for Tucson Roadrunners vs 0 for Philadelphia Phantoms.
Shots for this period are 1 for Tucson Roadrunners vs 5 for Philadelphia Phantoms.

2nd period


0:01 of 2nd period - Atley Calvert wins face-off versus Luca Del Bel Belluz in neutral zone.
0:52 of 2nd period - Snap shot by Adam Klapka.
0:52 of 2nd period - Stopped by Arturs Silovs without a rebound.
0:53 of 2nd period - Luca Del Bel Belluz wins face-off versus Steven Lorentz in Tucson Roadrunners zone.
1:00 of 2nd period - Slapshot by Tye Kartye.
1:00 of 2nd period - Shot Blocked by Jani Hakanpaa.
1:14 of 2nd period - Snap shot by Steven Lorentz.
1:14 of 2nd period - Shot Misses the Net.
1:16 of 2nd period - Slapshot by Maxwell Crozier.
1:16 of 2nd period - Shot Misses the Net.
1:18 of 2nd period - Slapshot by Maxwell Crozier.
1:18 of 2nd period - Shot Misses the Net.
1:20 of 2nd period - Slapshot by Topias Vilen.
1:20 of 2nd period - Shot Misses the Net.
1:24 of 2nd period - Snap shot by Brock McGinn.
1:24 of 2nd period - Shot Misses the Net.
1:26 of 2nd period - Slapshot by Topias Vilen.
1:26 of 2nd period - Shot Misses the Net.
1:28 of 2nd period - Snap shot by Maxwell Crozier.
1:28 of 2nd period - Shot Blocked by Nils Aman.
1:30 of 2nd period - Snap shot by Brock McGinn.
1:30 of 2nd period - Stopped by Cooper Black without a rebound.
1:31 of 2nd period - Hunter Haight wins face-off versus Jacob Quillan in Philadelphia Phantoms zone.
1:32 of 2nd period - Snap shot by Matt Luff.
1:32 of 2nd period - Stopped by Cooper Black without a rebound.
1:33 of 2nd period - Jacob Quillan wins face-off versus Hunter Haight in Philadelphia Phantoms zone.
1:46 of 2nd period - Snap shot by Matt Luff.
1:46 of 2nd period - Goal by Matt Luff - Tucson Roadrunners : 1 - Philadelphia Phantoms : 0.
1:47 of 2nd period - Ivan Ivan wins face-off versus Luca Del Bel Belluz in neutral zone.
1:50 of 2nd period - Slapshot by Tyson Barrie.
1:50 of 2nd period - Shot Blocked by Dylan Coghlan.
1:52 of 2nd period - Wrist shot by William Carrier.
1:52 of 2nd period - Shot Misses the Net.
1:54 of 2nd period - Snap shot by Ivan Ivan.
1:54 of 2nd period - Stopped by Cooper Black with a rebound.
1:56 of 2nd period - Slapshot by Jani Hakanpaa.
1:56 of 2nd period - Stopped by Cooper Black with a rebound.
1:58 of 2nd period - Snap shot by William Carrier.
1:58 of 2nd period - Stopped by Cooper Black with a rebound.
2:00 of 2nd period - Slapshot by Tyson Barrie.
2:00 of 2nd period - Deflect By Luca Del Bel Belluz.
2:00 of 2nd period - Stopped by Cooper Black without a rebound.
2:01 of 2nd period - Jacob Quillan wins face-off versus Hunter Haight in Philadelphia Phantoms zone.
2:43 of 2nd period - Slapshot by Tyler Kleven.
2:43 of 2nd period - Deflect By Jacob Quillan.
2:43 of 2nd period - Stopped by Arturs Silovs without a rebound.
2:44 of 2nd period - Ivan Ivan wins face-off versus Luca Del Bel Belluz in Tucson Roadrunners zone.
2:54 of 2nd period - Wrist shot by Dryden Hunt.
2:54 of 2nd period - Stopped by Cooper Black with a rebound.
2:56 of 2nd period - Wrist shot by Ivan Ivan.
2:56 of 2nd period - Deflect By Dryden Hunt.
2:56 of 2nd period - Shot Blocked by Albert Johansson.
2:56 of 2nd period - Puck is out of play.
2:57 of 2nd period - Luca Del Bel Belluz wins face-off versus Ivan Ivan in Philadelphia Phantoms zone.
2:57 of 2nd period - Nils Aman is hit by Tyson Barrie and loses puck.
3:22 of 2nd period - Jani Hakanpaa is hit by Marc Gatcomb and loses puck.
3:27 of 2nd period - Wrist shot by Jaroslav Chmelar.
3:27 of 2nd period - Stopped by Arturs Silovs with a rebound.
3:29 of 2nd period - Slapshot by Ryan Johnson.
3:29 of 2nd period - Shot Misses the Net.
3:31 of 2nd period - Slapshot by Ryan Johnson.
3:31 of 2nd period - Stopped by Arturs Silovs with a rebound.
3:33 of 2nd period - Slapshot by Marc Gatcomb.
3:33 of 2nd period - Shot Blocked by Jani Hakanpaa.
3:52 of 2nd period - Tyson Barrie is hit by Tyler Kleven and loses puck.
4:15 of 2nd period - Wrist shot by Michael Carcone.
4:15 of 2nd period - Stopped by Arturs Silovs without a rebound.
4:16 of 2nd period - Luca Del Bel Belluz wins face-off versus Hunter Haight in Tucson Roadrunners zone.
4:21 of 2nd period - Snap shot by Luca Del Bel Belluz.
4:21 of 2nd period - Shot Blocked by Maxwell Crozier.
4:23 of 2nd period - Slapshot by Dylan Coghlan.
4:23 of 2nd period - Shot Misses the Net.
4:25 of 2nd period - Wrist shot by Nils Aman.
4:25 of 2nd period - Stopped by Arturs Silovs without a rebound.
4:26 of 2nd period - Hunter Haight wins face-off versus Luca Del Bel Belluz in Tucson Roadrunners zone.
4:37 of 2nd period - Slapshot by Nils Aman.
4:37 of 2nd period - Stopped by Arturs Silovs without a rebound.
4:38 of 2nd period - Ivan Ivan wins face-off versus Luca Del Bel Belluz in Tucson Roadrunners zone.
4:49 of 2nd period - Snap shot by William Carrier.
4:49 of 2nd period - Shot Misses the Net.
4:51 of 2nd period - Slapshot by Samuel Knazko.
4:51 of 2nd period - Deflect By Dryden Hunt.
4:51 of 2nd period - Stopped by Cooper Black without a rebound.
4:52 of 2nd period - Jacob Quillan wins face-off versus Steven Lorentz in Philadelphia Phantoms zone.
4:54 of 2nd period - Ty Dellandrea beats up Tyler Kleven.
4:54 of 2nd period - Penalty to Tyler Kleven for Fighting.
4:54 of 2nd period - Penalty to Ty Dellandrea for Fighting.
4:55 of 2nd period - Ivan Ivan wins face-off versus Luca Del Bel Belluz in neutral zone.
5:10 of 2nd period - Snap shot by Nils Aman.
5:10 of 2nd period - Shot Blocked by Tyson Barrie.
5:46 of 2nd period - Minor Penalty to Jaroslav Chmelar for Holding.
5:47 of 2nd period - Luca Del Bel Belluz wins face-off versus Steven Lorentz in Philadelphia Phantoms zone.
6:07 of 2nd period - Michael Callahan is hit by Jani Hakanpaa and loses puck.
6:28 of 2nd period - Slapshot by Jacob Quillan.
6:28 of 2nd period - Shot Blocked by Jani Hakanpaa.
6:44 of 2nd period - Slapshot by Jani Hakanpaa.
6:44 of 2nd period - Shot Misses the Net.
6:46 of 2nd period - Slapshot by Tyson Barrie.
6:46 of 2nd period - Goal by Tyson Barrie - Tucson Roadrunners : 2 - Philadelphia Phantoms : 0.
6:47 of 2nd period - Ivan Ivan wins face-off versus Jacob Quillan in neutral zone.
6:50 of 2nd period - Snap shot by Dryden Hunt.
6:50 of 2nd period - Goal by Dryden Hunt - Tucson Roadrunners : 3 - Philadelphia Phantoms : 0.
6:51 of 2nd period - Steven Lorentz wins face-off versus Luca Del Bel Belluz in neutral zone.
7:21 of 2nd period - Slapshot by Maxwell Crozier.
7:21 of 2nd period - Stopped by Cooper Black with a rebound.
7:38 of 2nd period - Dylan Coghlan is hit by Topias Vilen and loses puck.
7:56 of 2nd period - Icing by Topias Vilen.
7:57 of 2nd period - Marcel Marcel wins face-off versus Hunter Haight in Tucson Roadrunners zone.
8:06 of 2nd period - Wrist shot by Nils Aman.
8:06 of 2nd period - Stopped by Arturs Silovs with a rebound.
8:08 of 2nd period - Wrist shot by Nils Aman.
8:08 of 2nd period - Deflect By Luca Del Bel Belluz.
8:08 of 2nd period - Shot Misses the Net.
8:08 of 2nd period - Puck is out of play.
8:09 of 2nd period - Jacob Quillan wins face-off versus Chase Wheatcroft in Tucson Roadrunners zone.
8:10 of 2nd period - Snap shot by Michael Carcone.
8:10 of 2nd period - Stopped by Arturs Silovs with a rebound.
8:44 of 2nd period - Wrist shot by Michael Carcone.
8:44 of 2nd period - Shot Misses the Net.
9:24 of 2nd period - Slapshot by Brock McGinn.
9:24 of 2nd period - Stopped by Cooper Black with a rebound.
9:39 of 2nd period - Minor Penalty to Jaroslav Chmelar for Slashing.
9:40 of 2nd period - Ivan Ivan wins face-off versus Luca Del Bel Belluz in Philadelphia Phantoms zone.
9:45 of 2nd period - Wrist shot by Ivan Ivan.
9:45 of 2nd period - Shot Misses the Net.
9:54 of 2nd period - Penalty to Tyler Kleven is over, Tyler Kleven is back on ice.
10:13 of 2nd period - Wrist shot by Dryden Hunt.
10:13 of 2nd period - Goal by Dryden Hunt - Tucson Roadrunners : 4 - Philadelphia Phantoms : 0.
10:14 of 2nd period - Luca Del Bel Belluz wins face-off versus Steven Lorentz in neutral zone.
10:26 of 2nd period - Snap shot by Brock McGinn.
10:26 of 2nd period - Stopped by Cooper Black without a rebound.
10:27 of 2nd period - Steven Lorentz wins face-off versus Ryan Winterton in Philadelphia Phantoms zone.
10:35 of 2nd period - Off-side.
10:36 of 2nd period - Jacob Quillan wins face-off versus Steven Lorentz in neutral zone.
10:47 of 2nd period - Wrist shot by Ryan Winterton.
10:47 of 2nd period - Shot Misses the Net.
10:49 of 2nd period - Slapshot by Dylan Coghlan.
10:49 of 2nd period - Deflect By Ryan Winterton.
10:49 of 2nd period - Stopped by Arturs Silovs with a rebound.
10:51 of 2nd period - Snap shot by Ryan Winterton.
10:51 of 2nd period - Stopped by Arturs Silovs with a rebound.
10:53 of 2nd period - Wrist shot by Michael Carcone.
10:53 of 2nd period - Stopped by Arturs Silovs with a rebound.
10:55 of 2nd period - Slapshot by Dylan Coghlan.
10:55 of 2nd period - Shot Misses the Net.
10:59 of 2nd period - Wrist shot by Michael Carcone.
10:59 of 2nd period - Shot Blocked by Tyson Barrie.
11:01 of 2nd period - Wrist shot by Dylan Coghlan.
11:01 of 2nd period - Deflect By Jacob Quillan.
11:01 of 2nd period - Shot Blocked by Tyson Barrie.
11:01 of 2nd period - Puck is out of play.
11:02 of 2nd period - Tye Kartye wins face-off versus Dryden Hunt in Tucson Roadrunners zone.
11:16 of 2nd period - Dryden Hunt is hit by Tye Kartye and loses puck.
11:34 of 2nd period - Slapshot by Marc Gatcomb.
11:34 of 2nd period - Stopped by Arturs Silovs without a rebound.
11:35 of 2nd period - Jacob Quillan wins face-off versus Chase Wheatcroft in Tucson Roadrunners zone.
11:36 of 2nd period - Snap shot by Michael Carcone.
11:36 of 2nd period - Stopped by Arturs Silovs with a rebound.
11:38 of 2nd period - Snap shot by Ryan Winterton.
11:38 of 2nd period - Shot Blocked by Tyson Barrie.
11:40 of 2nd period - Wrist shot by Ryan Winterton.
11:40 of 2nd period - Shot Misses the Net.
11:42 of 2nd period - Slapshot by Albert Johansson.
11:42 of 2nd period - Stopped by Arturs Silovs without a rebound.
11:43 of 2nd period - Chase Wheatcroft wins face-off versus Jacob Quillan in Tucson Roadrunners zone.
11:50 of 2nd period - Wrist shot by Ryan Winterton.
11:50 of 2nd period - Shot Misses the Net.
11:52 of 2nd period - Snap shot by Ryan Winterton.
11:52 of 2nd period - Goal by Ryan Winterton - Tucson Roadrunners : 4 - Philadelphia Phantoms : 1.
11:53 of 2nd period - Luca Del Bel Belluz wins face-off versus Ivan Ivan in neutral zone.
12:13 of 2nd period - Minor Penalty to Tye Kartye for Tripping.
12:14 of 2nd period - Ivan Ivan wins face-off versus Luca Del Bel Belluz in Philadelphia Phantoms zone.
12:23 of 2nd period - Snap shot by Dryden Hunt.
12:23 of 2nd period - Shot Misses the Net.
12:25 of 2nd period - Snap shot by William Carrier.
12:25 of 2nd period - Goal by William Carrier - Tucson Roadrunners : 5 - Philadelphia Phantoms : 1.
12:26 of 2nd period - Steven Lorentz wins face-off versus Luca Del Bel Belluz in neutral zone.
12:51 of 2nd period - Snap shot by William Carrier.
12:51 of 2nd period - Stopped by Cooper Black without a rebound.
12:52 of 2nd period - Jacob Quillan wins face-off versus Ivan Ivan in Philadelphia Phantoms zone.
12:57 of 2nd period - Slapshot by Jacob Quillan.
12:57 of 2nd period - Stopped by Arturs Silovs with a rebound.
13:17 of 2nd period - Snap shot by Steven Lorentz.
13:17 of 2nd period - Deflect By Dylan Coghlan.
13:17 of 2nd period - Shot Misses the Net.
13:17 of 2nd period - Puck is out of play.
13:18 of 2nd period - Luca Del Bel Belluz wins face-off versus Chase Wheatcroft in Philadelphia Phantoms zone.
13:33 of 2nd period - Snap shot by Tye Kartye.
13:33 of 2nd period - Shot Blocked by Tyson Barrie.
13:52 of 2nd period - Snap shot by Steven Lorentz.
13:52 of 2nd period - Stopped by Cooper Black with a rebound.
14:39 of 2nd period - Snap shot by Adam Klapka.
14:39 of 2nd period - Shot Misses the Net.
14:51 of 2nd period - Adam Klapka is hit by Brock McGinn and loses puck.
15:25 of 2nd period - Off-side.
15:26 of 2nd period - Ondrej Pavel wins face-off versus Kai Uchacz in neutral zone.
15:29 of 2nd period - Slapshot by Ty Dellandrea.
15:29 of 2nd period - Stopped by Cooper Black without a rebound.
15:30 of 2nd period - Hunter Haight wins face-off versus Kai Uchacz in Philadelphia Phantoms zone.
15:31 of 2nd period - Slapshot by Matt Luff.
15:31 of 2nd period - Stopped by Cooper Black without a rebound.
15:32 of 2nd period - Kai Uchacz wins face-off versus Hunter Haight in Philadelphia Phantoms zone.
15:32 of 2nd period - Kai Uchacz is hit by Hunter Haight.
15:40 of 2nd period - Slapshot by Albert Johansson.
15:40 of 2nd period - Stopped by Arturs Silovs with a rebound.
15:46 of 2nd period - Albert Johansson and Matt Luff fight to a draw.
15:46 of 2nd period - Penalty to Albert Johansson for Fighting.
15:46 of 2nd period - Penalty to Matt Luff for Fighting.
15:47 of 2nd period - Luca Del Bel Belluz wins face-off versus Steven Lorentz in Philadelphia Phantoms zone.
15:47 of 2nd period - Luca Del Bel Belluz is hit by Jani Hakanpaa.
16:35 of 2nd period - Wrist shot by Dylan Coghlan.
16:35 of 2nd period - Shot Blocked by Atley Calvert.
16:43 of 2nd period - Wrist shot by Hunter Haight.
16:43 of 2nd period - Stopped by Cooper Black with a rebound.
17:03 of 2nd period - Adam Klapka is hit by Andre Lee and loses puck.
17:40 of 2nd period - Snap shot by Atley Calvert.
17:40 of 2nd period - Stopped by Cooper Black with a rebound.
18:07 of 2nd period - Slapshot by Kai Uchacz.
18:07 of 2nd period - Shot Misses the Net.
18:09 of 2nd period - Wrist shot by Jaroslav Chmelar.
18:09 of 2nd period - Stopped by Arturs Silovs without a rebound.
18:10 of 2nd period - Luca Del Bel Belluz wins face-off versus Hunter Haight in Tucson Roadrunners zone.
18:15 of 2nd period - Snap shot by Nils Aman.
18:15 of 2nd period - Stopped by Arturs Silovs with a rebound.
18:46 of 2nd period - Slapshot by Michael Carcone.
18:46 of 2nd period - Stopped by Arturs Silovs without a rebound.
18:47 of 2nd period - Kai Uchacz wins face-off versus Steven Lorentz in Tucson Roadrunners zone.
19:41 of 2nd period - William Carrier is hit by Marcel Marcel and loses puck.
Goals for this period are 5 for Tucson Roadrunners vs 1 for Philadelphia Phantoms.
Shots for this period are 22 for Tucson Roadrunners vs 21 for Philadelphia Phantoms.

3rd period


0:01 of 3rd period - Jacob Quillan wins face-off versus Ty Dellandrea in neutral zone.
0:36 of 3rd period - Slapshot by Tyson Barrie.
0:36 of 3rd period - Stopped by Cooper Black with a rebound.
0:38 of 3rd period - Wrist shot by Jani Hakanpaa.
0:38 of 3rd period - Stopped by Cooper Black with a rebound.
0:40 of 3rd period - Snap shot by Hunter Haight.
0:40 of 3rd period - Shot Blocked by Nils Aman.
1:09 of 3rd period - Off-side.
1:10 of 3rd period - Kai Uchacz wins face-off versus Chase Wheatcroft in neutral zone.
1:15 of 3rd period - Snap shot by Kai Uchacz.
1:15 of 3rd period - Stopped by Arturs Silovs with a rebound.
1:30 of 3rd period - Jacob Quillan and Matt Luff fight to a draw.
1:30 of 3rd period - Penalty to Jacob Quillan for Fighting.
1:30 of 3rd period - Penalty to Matt Luff for Fighting.
1:30 of 3rd period - Penalty to Matt Luff for instigated a fight.
1:30 of 3rd period - Penalty to Matt Luff for instigated a fight.
1:31 of 3rd period - Luca Del Bel Belluz wins face-off versus Steven Lorentz in Tucson Roadrunners zone.
1:42 of 3rd period - Wrist shot by Luca Del Bel Belluz.
1:42 of 3rd period - Stopped by Arturs Silovs with a rebound.
1:44 of 3rd period - Slapshot by Dylan Coghlan.
1:44 of 3rd period - Stopped by Arturs Silovs with a rebound.
1:46 of 3rd period - Snap shot by Luca Del Bel Belluz.
1:46 of 3rd period - Goal by Luca Del Bel Belluz - Tucson Roadrunners : 5 - Philadelphia Phantoms : 2.
1:47 of 3rd period - Luca Del Bel Belluz wins face-off versus Brock McGinn in neutral zone.
2:02 of 3rd period - Slapshot by Tyler Kleven.
2:02 of 3rd period - Stopped by Arturs Silovs without a rebound.
2:03 of 3rd period - Hunter Haight wins face-off versus Kai Uchacz in Tucson Roadrunners zone.
2:10 of 3rd period - Jaroslav Chmelar is hit by Hunter Haight and loses puck.
2:34 of 3rd period - Maxwell Crozier is hit by Ryan Winterton.
3:09 of 3rd period - Off-side.
3:10 of 3rd period - Luca Del Bel Belluz wins face-off versus Hunter Haight in neutral zone.
3:19 of 3rd period - Snap shot by Hunter Haight.
3:19 of 3rd period - Stopped by Cooper Black without a rebound.
3:20 of 3rd period - Steven Lorentz wins face-off versus Luca Del Bel Belluz in Philadelphia Phantoms zone.
3:31 of 3rd period - Snap shot by Steven Lorentz.
3:31 of 3rd period - Stopped by Cooper Black without a rebound.
3:32 of 3rd period - Luca Del Bel Belluz wins face-off versus Steven Lorentz in Philadelphia Phantoms zone.
3:45 of 3rd period - Wrist shot by Ty Dellandrea.
3:45 of 3rd period - Stopped by Cooper Black with a rebound.
3:47 of 3rd period - Slapshot by Jani Hakanpaa.
3:47 of 3rd period - Stopped by Cooper Black with a rebound.
3:58 of 3rd period - Minor Penalty to Hunter Haight for Cross-checking.
3:59 of 3rd period - Luca Del Bel Belluz wins face-off versus Ty Dellandrea in Tucson Roadrunners zone.
4:32 of 3rd period - Dylan Coghlan is hit by Dryden Hunt and loses puck.
5:58 of 3rd period - Penalty to Hunter Haight is over, Hunter Haight is back on ice.
6:08 of 3rd period - Slapshot by Tyson Barrie.
6:08 of 3rd period - Shot Blocked by Samuel Johannesson.
7:14 of 3rd period - Andre Lee is hit by Ryan Johnson and loses puck.
7:27 of 3rd period - Snap shot by Jaroslav Chmelar.
7:27 of 3rd period - Shot Misses the Net.
8:48 of 3rd period - Michael Callahan is hit by Ondrej Pavel and loses puck.
9:09 of 3rd period - Jani Hakanpaa is hit by Michael Carcone.
10:14 of 3rd period - Ivan Ivan is hit by Matt Rempe.
10:24 of 3rd period - Jani Hakanpaa is hit by Tye Kartye and loses puck.
11:33 of 3rd period - Steven Lorentz is hit by Matt Rempe.
12:00 of 3rd period - Hunter Drew is hit by Albert Johansson and loses puck.
12:28 of 3rd period - Tyson Barrie is hit by Jaroslav Chmelar and loses puck.
12:54 of 3rd period - Chase Wheatcroft is hit by Nils Aman and loses puck.
13:19 of 3rd period - Adam Klapka is hit by Dryden Hunt and loses puck.
13:37 of 3rd period - Icing by Ryan Winterton.
13:38 of 3rd period - Jacob Quillan wins face-off versus Hunter Haight in Philadelphia Phantoms zone.
13:43 of 3rd period - Hunter Haight is hit by Samuel Johannesson.
13:54 of 3rd period - Andre Lee is hit by Luca Del Bel Belluz and loses puck.
14:05 of 3rd period - Maxwell Crozier is hit by Kai Uchacz and loses puck.
14:14 of 3rd period - Snap shot by Kai Uchacz.
14:14 of 3rd period - Shot Misses the Net.
14:16 of 3rd period - Snap shot by Samuel Johannesson.
14:16 of 3rd period - Shot Blocked by Atley Calvert.
14:28 of 3rd period - Topias Vilen is hit by Michael Carcone and loses puck.
14:39 of 3rd period - Steven Lorentz is hit by Ryan Johnson and loses puck.
14:50 of 3rd period - Topias Vilen is hit by Tyler Kleven and loses puck.
15:07 of 3rd period - Wrist shot by Brock McGinn.
15:07 of 3rd period - Shot Blocked by Samuel Johannesson.
15:09 of 3rd period - Slapshot by Topias Vilen.
15:09 of 3rd period - Deflect By Ty Dellandrea.
15:09 of 3rd period - Shot Blocked by Luca Del Bel Belluz.
15:09 of 3rd period - Puck is out of play.
15:10 of 3rd period - Jacob Quillan wins face-off versus Ivan Ivan in Philadelphia Phantoms zone.
15:21 of 3rd period - Slapshot by Michael Carcone.
15:21 of 3rd period - Stopped by Arturs Silovs with a rebound.
15:35 of 3rd period - Ivan Ivan is hit by Adam Klapka and loses puck.
15:48 of 3rd period - Snap shot by Ivan Ivan.
15:48 of 3rd period - Shot Misses the Net.
15:50 of 3rd period - Snap shot by William Carrier.
15:50 of 3rd period - Stopped by Cooper Black without a rebound.
15:51 of 3rd period - Luca Del Bel Belluz wins face-off versus Hunter Haight in Philadelphia Phantoms zone.
16:00 of 3rd period - Slapshot by Luca Del Bel Belluz.
16:00 of 3rd period - Shot Misses the Net.
16:18 of 3rd period - Chase Wheatcroft is hit by Samuel Johannesson and loses puck.
16:30 of 3rd period - 10 Minutes Misconduct Penalty to Matt Luff is over.
16:31 of 3rd period - Wrist shot by Andre Lee.
16:31 of 3rd period - Deflect By Tyler Kleven.
16:31 of 3rd period - Goal by Andre Lee - Tucson Roadrunners : 6 - Philadelphia Phantoms : 2.
16:32 of 3rd period - Luca Del Bel Belluz wins face-off versus Steven Lorentz in neutral zone.
16:37 of 3rd period - Snap shot by Luca Del Bel Belluz.
16:37 of 3rd period - Stopped by Arturs Silovs without a rebound.
16:38 of 3rd period - Steven Lorentz wins face-off versus Luca Del Bel Belluz in Tucson Roadrunners zone.
16:47 of 3rd period - Snap shot by Steven Lorentz.
16:47 of 3rd period - Stopped by Cooper Black with a rebound.
16:49 of 3rd period - Slapshot by Jani Hakanpaa.
16:49 of 3rd period - Stopped by Cooper Black without a rebound.
16:50 of 3rd period - Jacob Quillan wins face-off versus Steven Lorentz in Philadelphia Phantoms zone.
17:06 of 3rd period - Steven Lorentz beats up Michael Carcone.
17:06 of 3rd period - Penalty to Michael Carcone for Fighting.
17:06 of 3rd period - Penalty to Steven Lorentz for Fighting.
17:07 of 3rd period - Luca Del Bel Belluz wins face-off versus Brock McGinn in Tucson Roadrunners zone.
17:08 of 3rd period - Snap shot by Nils Aman.
17:08 of 3rd period - Stopped by Arturs Silovs without a rebound.
17:09 of 3rd period - Luca Del Bel Belluz wins face-off versus Brock McGinn in Tucson Roadrunners zone.
17:47 of 3rd period - Snap shot by Dryden Hunt.
17:47 of 3rd period - Goal by Dryden Hunt - Tucson Roadrunners : 7 - Philadelphia Phantoms : 2.
17:48 of 3rd period - Jacob Quillan wins face-off versus Ondrej Pavel in neutral zone.
18:06 of 3rd period - Ryan Winterton is hit by Brock McGinn and loses puck.
18:20 of 3rd period - Slapshot by Albert Johansson.
18:20 of 3rd period - Deflect By Jaroslav Chmelar.
18:20 of 3rd period - Stopped by Arturs Silovs with a rebound.
18:22 of 3rd period - Slapshot by Albert Johansson.
18:22 of 3rd period - Stopped by Arturs Silovs without a rebound.
18:23 of 3rd period - Kai Uchacz wins face-off versus Ivan Ivan in Tucson Roadrunners zone.
18:43 of 3rd period - Samuel Johannesson and Ondrej Pavel fight to a draw.
18:43 of 3rd period - Penalty to Samuel Johannesson for Fighting.
18:43 of 3rd period - Penalty to Ondrej Pavel for Fighting.
18:44 of 3rd period - Matt Luff wins face-off versus Luca Del Bel Belluz in Tucson Roadrunners zone.
18:44 of 3rd period - Matt Luff is hit by Nils Aman.
19:10 of 3rd period - Dryden Hunt is hit by Jacob Quillan and loses puck.
19:33 of 3rd period - Snap shot by Andre Lee.
19:33 of 3rd period - Shot Hit the Post.
19:35 of 3rd period - Slapshot by Tyson Barrie.
19:35 of 3rd period - Shot Misses the Net.
19:37 of 3rd period - Slapshot by Tyson Barrie.
19:37 of 3rd period - Deflect By Andre Lee.
19:37 of 3rd period - Stopped by Cooper Black with a rebound.
19:51 of 3rd period - Snap shot by Brock McGinn.
19:51 of 3rd period - Deflect By Atley Calvert.
19:51 of 3rd period - Stopped by Cooper Black with a rebound.
19:53 of 3rd period - Slapshot by Brock McGinn.
19:53 of 3rd period - Stopped by Cooper Black with a rebound.
Goals for this period are 2 for Tucson Roadrunners vs 1 for Philadelphia Phantoms.
Shots for this period are 14 for Tucson Roadrunners vs 10 for Philadelphia Phantoms.